 Dungeon Crawl Stone Soup version 0.22-a0-525-gf69a080 (webtiles) character file.

15 4thArraOfDagon the Magician (level 2, -6/19 HPs)
             Began as a Mummy Fire Elementalist on June 20, 2018.
             Mangled by a worker ant (7 damage)
             ... on level 3 of the Dungeon.
             The game lasted 00:01:26 (353 turns).

4thArraOfDagon the Magician (MuFE)                   Turns: 353, Time: 00:01:27

Health: -6/19      AC:  2    Str: 11    XL:     2   Next: 34%
Magic:  0/6        EV: 12    Int: 14    God:
Gold:   35         SH:  0    Dex: 12    Spells: 6/7 levels left

rFire    x . .     SeeInvis .   b - +0 mace
rCold    + . .     Gourm    .   (no shield)
rNeg     + + +     Faith    .   a - +0 robe
rPois    ∞         Spirit   .   (no helmet)
rElec    .         Reflect  .   (no cloak)
rCorr    .         Harm     .   (no gloves)
MR       .....                  (no boots)
Stlth    ++........             (no amulet)
HPRegen  0.06/turn              (no ring)
MPRegen  0.10/turn              (no ring)

@: very slightly contaminated
A: no food or potions, fire vulnerability, cold resistance 1, negative energy
resistance 3, torment resistance, unbreathing
a: no special abilities


You were on level 3 of the Dungeon.
You were not hungry.

You visited 1 branch of the dungeon, and saw 3 of its levels.

You collected 35 gold pieces.

Inventory:

Hand Weapons
 b - a +0 mace (weapon)
Armour
 a - a +0 robe (worn)
 c - a +0 ring mail


   Skills:
 - Level 1.5 Dodging
 - Level 1.5 Stealth
 + Level 3.0 Spellcasting
 * Level 1.3 Conjurations
 * Level 2.7 Fire Magic


You had 6 spell levels left.
You knew the following spells:

 Your Spells              Type           Power        Failure   Level  Hunger
a - Flame Tongue          Conj/Fire      #....        10%         1    N/A

Your spell library contained the following spells:

 Spells                   Type           Power        Failure   Level  Hunger
 Fireball                 Conj/Fire      #.........   95%         5    N/A
 Conjure Flame            Conj/Fire      #.......     28%         3    N/A
 Throw Flame              Conj/Fire      #.....       14%         2    N/A
 Sticky Flame             Conj/Fire      #.......     67%         4    N/A
 Inner Flame              Hex/Fire       #.......     36%         3    N/A

Dungeon Overview and Level Annotations

Branches:
Dungeon (3/15)

Altars:


Innate Abilities, Weirdness & Mutations

You do not eat or drink.
Your flesh is vulnerable to fire.
You are immune to poison.
Your flesh is cold resistant. (rC+)
You are immune to negative energy. (rN+++)
You are immune to unholy pain and torment.
You can survive without breathing.


Message History

The flame tongue hits the worker ant.
The worker ant is almost dead.
The worker ant bites you. The worker ant misses you.
Unknown command.
You hit the worker ant.
The worker ant is almost dead.
The worker ant closely misses you.
Unknown command.
You completely miss the worker ant.
The worker ant is almost dead.
The worker ant bites you.
* * * LOW HITPOINT WARNING * * *
The worker ant bites you.
* * * LOW HITPOINT WARNING * * *
Unknown command.
Unknown command.
You hit the worker ant but do no damage.
The worker ant is almost dead.
The worker ant bites you!
You die...

#...# ..
#...# #
#..###...#
#.#........#
..#..##..# .
.(.....)#
...###..###.#
........###.#
......?.a@..#
##.##########


You could see a worker ant.

Vanquished Creatures
  A dart slug (D:1)
  2 leopard geckos (D:1)
  3 goblins (D:1)
  A hobgoblin (D:3)
  A bat (D:1)
  3 frilled lizards
  A rat (D:1)
12 creatures vanquished.

Notes
Turn   | Place    | Note
-------+----------+-------------------------------------------
     0 | D:1      | 4thArraOfDagon the Mummy Fire Elementalist began the quest for the Orb.
     0 | D:1      | Reached XP level 1. HP: 13/13 MP: 4/4
    94 | D:1      | Reached skill level 1 in Conjurations
   139 | D:1      | Reached XP level 2. HP: 17/19 MP: 0/5
   311 | D:2      | Reached skill level 3 in Spellcasting
   353 | D:3      | Mangled by a worker ant

Vault maps used:
D:1:      lemuel_arrival_cross
D:2:      glass_columns_c
D:3:      first_ration, led_sif_pool

Skill      XL: |  1  2 |
---------------+-------+-----
Conjurations   | 1 |  1.3
Spellcasting   | 3 |  3.0
Dodging        | |  1.5
Stealth        | |  1.5
Fire Magic     | |  2.7

Action                   || total
-------------------------++-------
Melee: Mace              ||    29
 Cast: Flame Tongue      ||    20
Armor: Robe              ||     8
Dodge: Dodged            ||    34

Table legend:
 A = Spawn XP
 B = Non-spawn XP
 C = Spawn XP percentage of total XP
 D = Spawn monster count
 E = Non-spawn monster count
 F = Spawn count percentage of total count
 G = Total turns spent on level
                    A         B        C        D         E        F      G
               +---------+---------+-------+---------+---------+-------+---------
         Total |       0 |      22 |   0.0 |       0 |      12 |   0.0 |   353
               +---------+---------+-------+---------+---------+-------+---------
           D:1 |       0 |      18 |   0.0 |       0 |       9 |   0.0 |   250
           D:2 |       0 |       2 |   0.0 |       0 |       2 |   0.0 |    75
           D:3 |       0 |       2 |   0.0 |       0 |       1 |   0.0 |    28
               +---------+---------+-------+---------+---------+-------+---------
